 Dungeon Crawl Stone Soup version 0.27.1 (webtiles) character file.

Game seed: 4995940898778926838

8077 Tinkle the Cleaver (level 11, -16/99 HPs)
             Began as a Minotaur Berserker on Aug 28, 2021.
             Was an Elder of Trog.
             Demolished by a white ugly thing (35 damage)
             ... on level 11 of the Dungeon.
             The game lasted 00:50:52 (13141 turns).

Tinkle the Cleaver (Minotaur Berserker)            Turns: 13141, Time: 00:50:53

Health: -16/99     AC: 10    Str: 25    XL:     11   Next: 5%
Magic:  10/10      EV: 11    Int:  5    God:    Trog [****..]
Gold:   451        SH:  6    Dex: 15    Spells: 10/10 levels left

rFire    . . .     SeeInvis +   H - +3 hand axe (flame)
rCold    . . .     Faith    .   c - +1 buckler
rNeg     . . .     Spirit   .   t - +0 plate armour
rPois    .         Reflect  .   (helmet restricted)
rElec    .         Harm     .   (no cloak)
rCorr    .         Rampage  .   (no gloves)
Will     .....                  (no boots)
Stlth    ..........             (no amulet)
HPRegen  0.26/turn              C - +6 ring of dexterity
MPRegen  0.12/turn              I - ring of see invisible

@: corroded
A: horns 2, retaliatory headbutt
a: Renounce Religion, Berserk, Trog's Hand, Brothers in Arms


You were on level 11 of the Dungeon.
You worshipped Trog.
Trog was greatly pleased with you.
You visited 2 branches of the dungeon, and saw 12 of its levels.

You collected 516 gold pieces.
You spent 65 gold pieces at shops.

Inventory:

Hand Weapons
 n - a +0 battleaxe of flaming
 o - a +1 vorpal flail
 r - a +0 mace of holy wrath
 s - a +2 quarterstaff of chaos
 F - a +0 war axe
 H - a +3 hand axe of flaming (weapon)
Missiles
 j - 28 poisoned darts (quivered)
 G - a curare-tipped dart
Armour
 c - a +1 buckler (worn)
 t - a +0 plate armour (worn)
Jewellery
 b - a ring of ice
 y - a ring of fire
 C - a +6 ring of dexterity (left hand)
 D - a ring of protection from cold
 I - a ring of see invisible (right hand)
 J - a ring of protection from cold
Wands
 a - a wand of flame (49)
 v - a wand of mindburst (14)
 E - a wand of digging (7)
Scrolls
 f - 3 scrolls of teleportation
 i - 3 scrolls of enchant armour
 p - a scroll of enchant weapon
 u - a scroll of magic mapping {unknown}
 w - 2 scrolls of noise {unknown}
 x - a scroll of holy word {unknown}
 A - 2 scrolls of identify
 B - a scroll of brand weapon {unknown}
 N - a scroll of immolation {unknown}
Potions
 d - 2 potions of mutation
 e - a potion of ambrosia {unknown}
 g - a potion of might
 h - 2 potions of heal wounds
 k - a potion of invisibility
 l - 7 potions of curing
 m - a potion of experience {unknown}
 q - 2 potions of lignification {unknown}
 z - 4 potions of brilliance
 K - 2 potions of cancellation
 L - a potion of attraction {unknown}
 O - a potion of berserk rage
Miscellaneous
 M - a piece from Xom's chessboard (15/15)


   Skills:
 + Level 9.8 Fighting
 + Level 9.8 Axes
 + Level 9.4 Armour
 + Level 8.7 Dodging
 - Level 4.0 Shields
 + Level 6.3 Evocations


You had 10 spell levels left.
You didn't know any spells.
Your spell library was empty.

Dungeon Overview and Level Annotations

Branches:
Dungeon (11/15)            Temple (1/1) D:5
   Lair: D:8-11         Orc: D:9-12

Altars:
Ashenzari
Cheibriados
Dithmenos
Elyvilon
Fedhas
Gozag
Hepliaklqana
Kikubaaqudgha
Makhleb
Nemelex Xobeh
Okawaru
Qazlal
Ru
Sif Muna
Trog
Uskayaw
Vehumet
Wu Jian
Xom
Yredelemnul
Zin
The Shining One

Shops:
D:3 !

Annotations:
D:7 3 runed translucent doors, robertstho's ghost, novice TrBe


Innate Abilities, Weirdness & Mutations

You have a pair of horns on your head.
You reflexively headbutt those who attack you in melee.


Message History

Damage: -2%(-2hp) hp: 98%(97hp)
You closely miss the acid dragon. You headbutt the acid dragon!
The acid dragon is heavily wounded.
The acid dragon bites you but does no damage.
The acid dragon misses you.
You hit the acid dragon but do no damage.
The acid dragon is heavily wounded.
The acid dragon bites you but does no damage.
The acid dragon claws you but does no damage.
You slash the acid dragon! You burn the acid dragon.
The acid dragon is almost dead.
You hit the acid dragon but do no damage.
The acid dragon is almost dead.
The acid dragon spits acid at you.
The splash of acid hits you but does no damage.
The acid corrodes you!
You are splashed with acid!
Damage: -13%(-13hp) hp: 85%(84hp)
You hit the acid dragon but do no damage.
The acid dragon is almost dead.
The acid dragon closely misses you. The acid dragon claws you.
Damage: -1%(-1hp) hp: 84%(83hp)
You closely miss the acid dragon.
The acid dragon is almost dead.
The acid dragon spits acid at you. The splash of acid hits you!
You are splashed with acid!
You hear a horrible gurgling sound!
Huge Dmg: -20%(-20hp) hp: 64%(63hp)
You slash the acid dragon! You burn the acid dragon.
You kill the acid dragon!
Trog accepts your kill.
A white ugly thing comes into view.
The white ugly thing gurgles horribly!
The white ugly thing gores you but does no damage.
The white ugly thing gores you. The white ugly thing freezes you!!
* * * LOW HITPOINT WARNING * * *
Huge Dmg: -40%(-40hp) hp: 25%(24hp)
The white ugly thing gores you.
* * * LOW HITPOINT WARNING * * *
The white ugly thing freezes you!!
You die...

###.# #..#.#.. ....#
#.##.#.# #####
#.##.#.# #.##.#.#
####.##.#.#
#.....#.#.#
####.#.#.#.#.# #####
#..........#.#......
#....#.#.##.@#......
#...#######..u....#
#:..# ##.#.##.#
#...# #.#.#
#####...##### #.# #
....#...#.((.....#
$...#...#........#
....#...#........#
....#...#.........


You could see a white ugly thing.

Vanquished Creatures
  A two-headed ogre (D:10)
  An ugly thing (D:11)
  2 centaur zombies
  Grinder (D:5)
  A hornet (D:9)
  Sigmund (D:6)
  A wraith (D:9)
  12 yaks
  Eustachio (D:5)
  Menkaure (D:5)
  Edmund (D:6)
  3 acid dragons
  3 orc warriors
  A black bear (D:4)
  3 necrophages
  3 ice beasts
  2 sky beasts (D:5)
  3 centaurs
  A phantom (D:5)
  A kobold brigand (D:6)
  4 bullfrogs
  A scorpion (D:6)
  2 water moccasin skeletons
  6 killer bees (D:10)
  2 howler monkeys (D:7)
  A bullfrog zombie (D:7)
  2 hounds
  Crazy Yiuf (D:3)
  7 orc priests
  A gnoll shaman (D:4)
  A jelly (D:5)
  2 bullfrog skeletons (D:6)
  5 iguanas
  9 orc wizards
  A howler monkey zombie (D:7)
  10 gnolls
  6 adders
  2 river rats (D:5)
  A white imp (D:7)
  An ufetubus (D:3)
  2 adder skeletons
  2 worms
  A dart slug (D:2)
  27 orcs
  12 ball pythons
  4 endoplasms
  10 giant cockroaches
  6 goblins
  4 hobgoblins
  3 jackals (D:1)
  3 quokkas
  5 bats
  4 frilled lizards
  8 kobolds
  9 rats
208 creatures vanquished.

Vanquished Creatures (others)
  A plant (D:5)
1 creature vanquished.

Grand Total: 209 creatures vanquished

Notes
Turn   | Place    | Note
-------+----------+-------------------------------------------
     0 | D:1      | Tinkle the Minotaur Berserker began the quest for the Orb.
     0 | D:1      | Reached XP level 1. HP: 19/19 MP: 0/0
   332 | D:1      | Reached XP level 2. HP: 25/27 MP: 1/1
   549 | D:1      | Reached skill level 1 in Shields
   844 | D:2      | Reached XP level 3. HP: 33/33 MP: 2/2
   847 | D:2      | Huge Dmg: 11 dmg
   852 | D:2      | Reached ** piety under Trog
   853 | D:2      | Huge Dmg: 10 dmg
   989 | D:2      | Reached XP level 4. HP: 40/40 MP: 3/3
  1783 | D:3      | Huge Dmg: 9 dmg
  1792 | D:3      | Huge Dmg: 9 dmg
  1793 | D:3      | Reached XP level 5. HP: 11/47 MP: 4/4
  2104 | D:3      | Found Tecat's Distillery.
  2119 | D:3      | Bought a potion of heal wounds for 65 gold pieces
  2275 | D:3      | Found a runed translucent door.
  2276 | D:3      | Noticed Crazy Yiuf
  2283 | D:3      | Killed Crazy Yiuf
  2290 | D:3      | Huge Dmg: 19 dmg
  2612 | D:4      | Reached skill level 5 in Fighting
  2612 | D:4      | Reached XP level 6. HP: 52/56 MP: 5/5
  2615 | D:4      | Huge Dmg: 17 dmg
  2846 | D:4      | Reached *** piety under Trog
  2850 | D:4      | Reached skill level 5 in Axes
  2855 | D:4      | Huge Dmg: 24 dmg
  3138 | D:4      | Reached skill level 1 in Evocations
  3186 | D:4      | Reached XP level 7. HP: 59/61 MP: 6/6
  3438 | D:5      | Entered Level 5 of the Dungeon
  3446 | D:5      | Noticed Menkaure
  3450 | D:5      | Killed Menkaure
  3455 | D:5      | Huge Dmg: 30 dmg
  3571 | D:5      | Noticed Grinder
  3577 | D:5      | Noticed Eustachio
  3582 | D:5      | Found a staircase to the Ecumenical Temple.
  3606 | D:5      | Paralysed by Grinder for 6 turns
  3613 | D:5      | Huge Dmg: 37 dmg
  3614 | D:5      | Killed Grinder
  3615 | D:5      | Reached skill level 5 in Armour
  3624 | D:5      | Huge Dmg: 9 dmg
  3632 | D:5      | Huge Dmg: 8 dmg
  3639 | Temple   | Entered the Ecumenical Temple
  4059 | D:5      | Killed Eustachio
  4060 | D:5      | Reached skill level 5 in Dodging
  4060 | D:5      | Reached XP level 8. HP: 70/70 MP: 7/7
  4251 | D:5      | Huge Dmg: 9 dmg
  4252 | D:5      | Huge Dmg: 8 dmg
  4253 | D:5      | Huge Dmg: 8 dmg
  4539 | D:5      | Huge Dmg: 33 dmg
  5563 | D:6      | Huge Dmg: 30 dmg
  5863 | D:6      | Reached XP level 9. HP: 78/79 MP: 8/8
  6211 | D:6      | Noticed Sigmund
  6222 | D:6      | Killed Sigmund
  6222 | D:6      | Reached **** piety under Trog
  6246 | D:6      | Noticed Edmund
  6257 | D:6      | Killed Edmund
  6426 | D:7      | Found a glowing silver altar of Zin.
  6518 | D:7      | Found a runed translucent gate.
  6518 | D:7      | Found a runed translucent gate.
  6518 | D:7      | Found a runed translucent gate.
  6521 | D:7      | Noticed robertstho's ghost (novice TrBe)
  7123 | D:8      | Huge Dmg: 37 dmg
  7633 | D:8      | Huge Dmg: 17 dmg
  7645 | D:8      | Huge Dmg: 10 dmg
  7648 | D:8      | Huge Dmg: 14 dmg
  8257 | D:9      | Paralysed by a hornet for 2 turns
  8261 | D:9      | Huge Dmg: 13 dmg
  8686 | D:9      | Huge Dmg: 17 dmg
  8689 | D:9      | Huge Dmg: 12 dmg
  8691 | D:9      | Huge Dmg: 15 dmg
  8699 | D:9      | Huge Dmg: 17 dmg
  9097 | D:9      | Reached skill level 5 in Evocations
  9097 | D:9      | Reached XP level 10. HP: 58/90 MP: 9/9
  9416 | D:9      | Huge Dmg: 23 dmg
  9431 | D:9      | Huge Dmg: 16 dmg
  9434 | D:9      | Huge Dmg: 17 dmg
 10191 | D:10     | Entered Level 10 of the Dungeon
 10458 | D:10     | Huge Dmg: 27 dmg
 10712 | D:10     | Noticed a two-headed ogre
 10714 | D:10     | Huge Dmg: 24 dmg
 10717 | D:10     | Huge Dmg: 26 dmg
 10718 | D:10     | Killed a two-headed ogre
 10724 | D:10     | Huge Dmg: 21 dmg
 11089 | D:10     | Huge Dmg: 41 dmg
 12573 | D:11     | Noticed a cyan ugly thing
 12579 | D:11     | Huge Dmg: 21 dmg
 12584 | D:11     | Killed a cyan ugly thing
 12588 | D:10     | Huge Dmg: 28 dmg
 12953 | D:11     | Noticed a manticore
 13024 | D:11     | Reached XP level 11. HP: 82/99 MP: 10/10
 13137 | D:11     | Huge Dmg: 20 dmg
 13138 | D:11     | Noticed a white ugly thing
 13141 | D:11     | Huge Dmg: 40 dmg
 13141 | D:11     | Demolished by a white ugly thing

Illustrated notes

Levels and vault maps discovered:
D:1:      wander_arrival_estate, layout_loops_ring
D:2:      layout_rooms, chequers_serial_rivers_micro_c
D:3:      layout_loops_ring, serial_shops, shop, uniq_crazy_yiuf_cottage
D:4:      layout_rooms
D:5:      layout_basic, minmay_temple_entry_poolview, portal_sewer_entry_e,
          serial_bayou_pond_d, interstate_on_off, uniq_grinder, uniq_eustachio,
          uniq_menkaure
D:6:      layout_rooms, sigmund_edmund_badplayer
D:7:      layout_cave_pools, mainiacjoe_overflow_catwalk,
          ebering_ghost_rock_garden
D:8:      layout_rooms
D:9:      layout_long_grid
D:10:     layout_layer_cave
D:11:     layout_loops_ring, david_lair_shrubbed, serial_co_window_serial,
          co_window_of_opportunity_a, co_window_cross_1, co_window_corner_a,
          co_window_of_opportunity_a, co_window_of_opportunity_a,
          co_window_of_opportunity_a, co_window_paths_a, co_window_paths_a,
          co_window_paths_a, co_window_corner_ca, co_window_cross_4,
          co_window_corner_b, co_window_unsneaky_path_e, co_window_cross_4,
          glass_columns_b, glass_columns_c, uniq_fannar
Temple:   roderic_octagonal_lattice_temple

Skill      XL: |  1  2  3  4  5  6  7  8  9 10 |
---------------+-------------------------------+-----
Shields        | 1 2 3 4 |  4.0
Fighting       | 4 5 6 7 8 9 |  9.8
Axes           | 4 5 6 7 8 9 |  9.8
Armour         | 3 4 5 6 8 9 |  9.4
Dodging        | 3 4 5 6 7 8 |  8.7
Evocations     | 1 2 3 5 6 |  6.3

Action                   |  1- 3 |  4- 6 |  7- 9 | 10-12 || total
-------------------------+-------+-------+-------+-------++-------
Melee: Hand axe          |    59 |   160 |   238 |    99 ||   556
       Headbutt          |     5 |    22 |    68 |    37 ||   132
       War axe           |       |       |   112 |    19 ||   131
Throw: Dart              |       |    13 |     6 |    24 ||    43
Invok: Berserk           |     1 |     3 |     5 |     4 ||    13
       Trog's Hand       |       |       |     5 |     1 ||     6
  Use: Scroll            |       |     1 |     8 |     3 ||    12
       Potion            |       |       |     1 |       ||     1
 Stab: Distracted        |       |       |       |     1 ||     1
Armor: Animal skin       |    11 |       |       |       ||    11
       Ring mail         |     6 |    26 |       |       ||    32
       Plate armour      |       |    29 |   131 |    52 ||   212
Dodge: Dodged            |    37 |    69 |    86 |    55 ||   247
Block: Buckler           |     9 |    36 |    82 |    21 ||   148
